 Dungeon Crawl Stone Soup version 0.29.0-4-gdea44cf6ec (webtiles) character file.

Game seed: 790415116935832774

2 tizbic2 the Insei (level 1, 0/16 HPs)
             Began as a Meteoran Transmuter on Aug 27, 2022.
             Slain by a gnoll
             ... wielding a +0 whip
              (6 damage)
             ... on level 1 of the Dungeon.
             The game lasted 00:00:33 (40 turns).

tizbic2 the Insei (Meteoran Transmuter)               Turns: 40, Time: 00:00:34

Health: 0/16       AC:  2    Str: 11    XL:     1   Next: 42%
Magic:  4/5        EV: 12    Int: 14    God:
Gold:   0          SH:  0    Dex: 14    Spells: 4/5 levels left

rFire   . . .      SeeInvis .     - Unarmed
rCold   . . .      Faith    .   (no shield)
rNeg    . . .      Spirit   .   a - +0 robe
rPois   .          Reflect  .   (helmet currently unavailable)
rElec   .          Harm     .   (no cloak)
rCorr   .          Rampage  .   (no gloves)
Will    .....                   (boots currently unavailable)
Stlth   +.........              (no amulet)
HPRegen 0.05/turn               (no ring)
MPRegen 0.09/turn               (no ring)

@: appendages (expiring), glowing
A: horns 2, talons 2, sense surroundings 1, otherworldly, glowing, explore regen
a: End Transformation


You were on level 1 of the Dungeon.
You had temporarily grown beastly horns and talons.
You visited 1 branch of the dungeon, and saw 1 of its levels.

Inventory:

Armour
 a - a +0 robe (worn)
Scrolls
 c - a scroll of magic mapping {unknown}
Potions
 b - a potion of lignification


   Skills:
 + Level 1.1 Fighting
 + Level 2.4 Dodging
 + Level 3.6 Unarmed Combat
 + Level 2.7 Spellcasting
 + Level 2.4 Transmutations


You had 4 spell levels left.
You knew the following spells:

 Your Spells              Type           Power      Damage    Failure   Level
a - Beastly Appendage     Tmut           16%        N/A       9%          1

Your spell library contained the following spells:

 Spells                   Type           Power      Damage    Failure   Level
 Wereblood                Tmut           8%         N/A       12%         2
 Spider Form              Tmut/Pois      5%         N/A       36%         3
 Ice Form                 Ice/Tmut       5%         N/A       78%         4


Dungeon Overview and Level Annotations

Branches:
Dungeon (1/15) Zot: 559

Altars:


Innate Abilities, Weirdness & Mutations

You have temporarily grown beastly horns and talons.
You passively map a small area around you.
You are easily found by Zot.
You glow in the dark.
You regain HP and MP as you explore.


Message History

You are a level 1 Meteoran Transmuter.
You are 0% of the way to level 2.
Play time: 00:00:15 (11 turns).
Zot will find you in 589 turns if you stay in this branch and explore no new floors.
A rat comes into view.
Casting: Beastly Appendage (safe; 9% risk of failure)
Confirm with . or Enter, or press ? or * to list all spells.
You grow a pair of large bovine horns.
Your feet morph into talons.
The rat bites you.
You hit the rat.
You kill the rat!
Your transformation is almost over.
A kobold comes into view. It is wielding a +0 short sword.
Found 8 gold pieces.
The kobold shouts!
The kobold throws a stone.
The stone hits you but does no damage.
Found 6 stones.
The kobold throws a stone.
The stone hits you.
A gnoll comes into view. It is wielding a +0 whip.
The kobold hits you with a +0 short sword.
You barely miss the kobold.
The gnoll shouts!
You claw the kobold.
The kobold is heavily wounded.
The kobold closely misses you.
You hit the kobold.
You kill the kobold!
Things that are here:
a +0 short sword; 3 stones; a kobold corpse
Casting: Beastly Appendage (safe; 9% risk of failure)
Confirm with . or Enter, or press ? or * to list all spells.
You extend your transformation's duration.
The gnoll hits you with a +0 whip!
Ouch! That really hurt!
You barely miss the gnoll.
Your transformation is almost over.
The gnoll barely misses you.
You hit the gnoll.
The gnoll is moderately wounded.
The gnoll hits you with a +0 whip.
You die...

* ##.. .# ,*
,...###########.# *
*..###.#...........#*,
..$...........#...#
(###......#.##.##.#
..###...######..####
*..........##......#***
,..####.)######.#..# *
#.@#* #......# ,
.......g.# #......# ,
######....####.#.##* ,
#....##......#* ** *
.....##......# *
#...#.##.#.#.## **
#.....##......# ,
#.....##......#* , ,
###.##.# ,


You could see a gnoll.

Vanquished Creatures
  A kobold (D:1)
  A rat (D:1)
2 creatures vanquished.

Notes
Turn   | Place    | Note
-------+----------+-------------------------------------------
     0 | D:1      | tizbic2 the Meteoran Transmuter began the quest for the
                  | Orb.
     0 | D:1      | Reached XP level 1. HP: 16/16 MP: 5/5
    40 | D:1      | Slain by a gnoll

Illustrated notes

Levels and vault maps discovered:
D:1:      dpeg_arrival_ternary, layout_loops_ring,
          shapermc_ecumenical_altar_pompeii, minmay_bisected

Action                   || total
-------------------------++-------
Melee: Unarmed           ||     5
       Kick              ||     1
 Cast: Beastly Appendage ||     2
Armor: Robe              ||     1
Dodge: Dodged            ||     2
